 Dungeon Crawl Stone Soup version 0.29-a0-234-g0dae59b3db (webtiles) character file.

Game seed: 8553844471096833218

4935 IndexError the Magician (level 10, -8/74 HPs)
             Began as a Gnoll Fire Elementalist on Mar 2, 2022.
             Was an Initiate of Ashenzari.
             Mangled by a large slime creature (20 damage)
             ... on level 8 of the Dungeon.
             The game lasted 00:17:09 (9780 turns).

IndexError the Magician (Gnoll Fire Elementalist)   Turns: 9780, Time: 00:17:10

Health: -8/74      AC: 10    Str:  8    XL:     10   Next: 52%
Magic:  4/21       EV: 14    Int: 19    God:    Ashenzari [......]
Gold:   451        SH:  5    Dex: 12    Spells: 10/23 levels left

rFire   + . .      SeeInvis .   l - staff of fire (curse) {rF+, Elem, Bglg}
rCold   + . .      Faith    .   (no shield)
rNeg    . . .      Spirit   .   D - +2 leather armour {Will+}
rPois   .          Reflect  +   a - +0 helmet
rElec   .          Harm     .   E - +0 cloak
rCorr   .          Rampage  .   p - +0 pair of gloves
Will    +....                   B - +0 pair of boots
Stlth   +++.......              g - amulet of reflection
HPRegen 0.22/turn               m - ring of protection from cold {rC+, !d}
MPRegen 0.17/turn               r - +4 ring of slaying

@: no status effects
A: fangs 1, strong nose, distributed training
a: Renounce Religion, Shatter the Chains


You were on level 8 of the Dungeon.
You worshipped Ashenzari.
Ashenzari was noncommittal.
You visited 2 branches of the dungeon, and saw 9 of its levels.

You collected 451 gold pieces.

Inventory:

Hand Weapons
 n - a +2 dagger of flaming
   (You took it off a kobold on level 3 of the Dungeon)
Missiles
 J - 3 throwing nets {=f, !d}
Armour
 a - a +0 helmet (worn)
   (You found it on level 4 of the Dungeon)
 p - a +0 pair of gloves (worn)
   (You found it on level 4 of the Dungeon)
 s - a +2 leather armour of cold resistance
   (You found it on level 4 of the Dungeon)
 B - a +0 pair of boots (worn)
   (You found it on level 5 of the Dungeon)
 D - a +2 leather armour of willpower (worn)
   (You found it on level 6 of the Dungeon)
 E - a +0 cloak (worn)
   (You found it on level 6 of the Dungeon)
 L - a +0 chain mail
   (You took it off Harold on level 8 of the Dungeon)
 M - a +0 robe
   (You took it off an orc wizard on level 8 of the Dungeon)
 O - a +0 leather armour
   (You took it off an orc on level 8 of the Dungeon)
Magical Staves
 l - a cursed staff of fire (weapon) {rF+, Elem, Bglg}
   (You took it off an orc on level 4 of the Dungeon)
 Z - a staff of conjuration {!a}
   (You found it on level 8 of the Dungeon)
Jewellery
 g - an amulet of reflection (around neck)
   (You took it off a hobgoblin on level 2 of the Dungeon)
 m - a ring of protection from cold (left hand) {rC+, !d}
   (You found it on level 3 of the Dungeon)
 r - a +4 ring of slaying (right hand)
   (You found it on level 4 of the Dungeon)
 N - a ring of protection from fire {rF+, !d}
   (You found it on level 7 of the Dungeon)
Wands
 y - a wand of charming (8)
   (You found it on level 5 of the Dungeon)
 P - a wand of flame (29)
   (You found it on level 8 of the Dungeon)
Scrolls
 b - 10 scrolls of identify {unknown}
 c - a scroll of vulnerability {unknown}
 d - 10 scrolls of teleportation {unknown}
 e - a scroll of amnesia {unknown}
 f - 4 scrolls of fog {unknown}
 h - a scroll of magic mapping {unknown}
 j - a scroll of blinking {unknown}
 k - a scroll of holy word {unknown}
 t - 2 scrolls of noise {unknown}
 z - 2 scrolls of enchant armour {unknown}
 A - a scroll of summoning
 G - a scroll of immolation {unknown}
 H - 2 scrolls of enchant weapon {unknown}
 K - a scroll of silence {unknown}
 T - a scroll of fear {unknown}
Potions
 i - a potion of heal wounds {unknown}
 o - 2 potions of mutation {unknown}
 q - a potion of attraction {unknown}
 u - a potion of brilliance {unknown}
 v - 6 potions of curing {unknown}
 w - a potion of degeneration {unknown}
 x - 2 potions of invisibility {unknown}
 C - a potion of flight {unknown}
 F - a potion of berserk rage {unknown}
 I - a potion of haste


   Skills:
 + Level 5.3 Fighting
 + Level 5.3 Short Blades
 + Level 5.3 Long Blades
 + Level 5.3 Axes
 + Level 5.3 Maces & Flails
 + Level 5.3 Polearms
 + Level 5.3 Staves
 + Level 5.3 Slings
 + Level 5.3 Bows
 + Level 5.3 Crossbows
 + Level 5.3 Throwing
 + Level 5.3 Armour
 + Level 7.1 Dodging
 + Level 6.9 Stealth
 + Level 5.3 Shields
 + Level 5.3 Unarmed Combat
 + Level 7.4 Spellcasting
 + Level 5.0(5.4) Conjurations
 + Level 4.4(4.8) Hexes
 + Level 4.4 Summonings
 + Level 4.4 Necromancy
 + Level 4.4(4.8) Translocations
 + Level 4.4 Transmutations
 + Level 7.1(7.5) Fire Magic
 + Level 4.4(4.8) Ice Magic
 + Level 4.4(4.8) Air Magic
 + Level 4.4(4.8) Earth Magic
 + Level 4.4 Poison Magic
 + Level 5.9 Invocations
 + Level 5.3 Evocations


You had 10 spell levels left.
You knew the following spells:

 Your Spells              Type           Power      Damage    Failure   Level
a - Foxfire               Conj/Fire      100%       2x1d9     1%          1
b - Scorch                Fire           100%       2d10      1%          2
c - Conjure Flame         Conj/Fire      47%        6-21      2%          3
d - Inner Flame           Hex/Fire       46%        N/A       3%          3
e - Flame Wave            Conj/Fire      47%        2d10      9%          4

Your spell library contained the following spells:

 Spells                   Type           Power      Damage    Failure   Level
 Ensorcelled Hibernation  Hex/Ice        50%        N/A       2%          2
 Corpse Rot               Necr/Air       48%        N/A       3%          2
 Poisonous Vapours        Pois/Air       48%        N/A       3%          2
 Frozen Ramparts          Ice            50%        1d7       5%          3
 Spider Form              Tmut/Pois      23%        N/A       6%          3
 Anguish                  Hex/Necr       12%        N/A       19%         4
 Ice Form                 Ice/Tmut       24%        N/A       19%         4
 Summon Ice Beast         Ice/Summ       24%        N/A       19%         4


Dungeon Overview and Level Annotations

Branches:
Dungeon (8/15)             Temple (1/1) D:7
   Lair: D:8-11

Altars:
Ashenzari
Cheibriados
Dithmenos
Elyvilon
Fedhas
Gozag
Hepliaklqana
Kikubaaqudgha
Nemelex Xobeh
Okawaru
Qazlal
Ru
Trog
Uskayaw
Vehumet
Wu Jian
Xom
Yredelemnul
Zin
The Shining One


Innate Abilities, Weirdness & Mutations

You have very sharp teeth.
Your uncanny sense of smell can sniff out nearby items.
Your experience applies equally to all skills.


Message History

You now have 18/21 mp.
The fire ignites!
Casting: Conjure Flame (mildly dangerous; 2% risk of failure)
Confirm with . or Enter, or press ? or * to list all spells.
Okay, then.
The slime creature is engulfed in blazing flames.
Spoiler Alert: The slime creature can hit for high damage in melee!
Casting: Conjure Flame (mildly dangerous; 2% risk of failure)
Confirm with . or Enter, or press ? or * to list all spells.
You feel a surge of power!
You conjure some foxfire!
The slime creature hits you!
Warning x2: The slime creature (ally target) can hit for high damage in melee!
The slime creature can hit for high damage in melee!
You take 7 damage, and have 67/74 hp.
You now have 17/21 mp.
Casting: Foxfire (safe; 1% risk of failure)
Confirm with . or Enter, or press ? or * to list all spells.
You feel a surge of power!
You conjure some foxfire!
The foxfire hits the slime creature! x2; The slime creature hits you.
Warning x2: The slime creature (ally target) can hit for high damage in melee!
The slime creature can hit for high damage in melee!
You take 2 damage, and have 65/74 hp.
You now have 16/21 mp.
Casting: Foxfire (safe; 1% risk of failure)
Confirm with . or Enter, or press ? or * to list all spells.
You feel a surge of power!
You conjure some foxfire!
The slime creature hits you!
The slime creature is engulfed in blazing flames.
Two slime creatures merge to form a large slime creature.
Warning x2: The large slime creature (ally target) can hit for high damage in melee!
The large slime creature (ally target) can hit for high damage in melee!
You take 11 damage, and have 54/74 hp.
Casting: Foxfire (safe; 1% risk of failure)
Confirm with . or Enter, or press ? or * to list all spells.
You feel a surge of power!
You conjure some foxfire!
The foxfire hits the large slime creature! x2
The foxfire hits the large slime creature. x2
Warning x3: The large slime creature (ally target) can hit for high damage in melee!
The large slime creature (ally target) can hit for high damage in melee!
The slime creature can hit for high damage in melee!
You now have 15/21 mp.
Casting: Foxfire (safe; 1% risk of failure)
Confirm with . or Enter, or press ? or * to list all spells.
You feel a surge of power!
You miscast Foxfire.
You are very lightly contaminated with residual magic.
Nothing appears to happen.
The foxfire hits the large slime creature. x2
A large slime creature splits.
Danger x4: slime creature x3, slime creature (wandering)!
You now have 14/21 mp.
The slime creature is engulfed in blazing flames.
Two slime creatures merge to form a large slime creature.
The slime creature hits you but does no damage.
Danger x5: slime creature, large slime creature, large slime creature, slime creature (wandering) x2!
The slime creature is engulfed in blazing flames.
Things that are here:
a +0 flail; a +0 dagger Danger x5: slime creature, large slime creature, large slime creature, slime creature (wandering) x2!
There is a stone staircase leading up here.
Danger x4: slime creature, large slime creature, large slime creature, slime creature (wandering)!
Casting: Foxfire (safe; 1% risk of failure)
Confirm with . or Enter, or press ? or * to list all spells.
Casting: Flame Wave (dangerous; 9% risk of failure)
Press: ? - help, Dir - look around, f - activate You feel a surge of power!
A wave of flame ripples out!
The flame wave engulfs the slime creature! (Press . to intensify the flame waves.)
The slime creature quivers.
The slime creature misses you.
Danger x5: slime creature x2, large slime creature, large slime creature, slime creature (wandering)!
You now have 11/21 mp.
A wave of flame ripples out!
The flame wave engulfs the slime creature.
The slime creature quivers.
Two slime creatures merge to form a large slime creature.
The slime creature hits you but does no damage.
Danger x5: large slime creature x2, large slime creature x2, slime creature!
You now have 10/21 mp.
A wave of flame ripples out!
The flame wave engulfs the large slime creature!
The flame wave engulfs the slime creature!
You finish channelling waves of flame.
The large slime creature is engulfed in blazing flames.
The large slime creature closely misses you.
The slime creature hits you.
Your magical contamination has completely faded away.
Danger x5: large slime creature x2, large slime creature x2, slime creature!
You take 6 damage, and have 49/74 hp.
You now have 9/21 mp.
Casting: Flame Wave (dangerous; 9% risk of failure)
Confirm with . or Enter, or press ? or * to list all spells.
Casting: Flame Wave (dangerous; 9% risk of failure)
Press: ? - help, Dir - look around, f - activate You feel a surge of power!
A wave of flame ripples out!
The flame wave engulfs the large slime creature!
The flame wave engulfs the slime creature. (Press . to intensify the flame waves.)
The large slime creature hits you!!
* * * LOW HITPOINT WARNING * * *
The slime creature hits you.
* * * LOW HITPOINT WARNING * * *
Danger x5: large slime creature x2, large slime creature x2, slime creature!
You take 37 damage, and have 12/74 hp.
MASSIVE DAMAGE!!
You now have 5/21 mp.
A wave of flame ripples out!
The flame wave engulfs the large slime creature!
The flame wave engulfs the slime creature!
The large slime creature hits you!!
You die...

.............#
#######.###### #.#
#######.# .....####
.....# #. ..#### #J♣
##### .##...# JJ
##..)## ## .♣.. #.
#..J)@#
###....##'##...J## #.##
#....§##### ...#
#..♣.## ...# #....#
...####.#### #.......#
####..#################
#.....................#


You could see 2 large slime creatures.

Vanquished Creatures
  Harold (D:8)
  A two-headed ogre (D:6)
  A slime creature (D:8)
  3 yaks
  A wyvern (D:8)
  Menkaure (D:5)
  A steam dragon (D:8)
  Duvessa (D:5)
  A water moccasin (D:6)
  2 orc warriors
  3 black bears
  3 sky beasts
  An ice beast (D:5)
  4 ogres
  4 bullfrogs
  2 scorpions
  Dowan (D:5)
  3 wights (D:7)
  2 electric eels (D:8)
  A hound (D:7)
  3 jellies
  7 orc priests
  5 iguanas
  Natasha (thrice) (D:3)
  7 orc wizards
  6 adders
  A shadow imp (D:6)
  3 worms
  6 dart slugs
  37 orcs
  2 bats
  9 endoplasms
  4 giant cockroaches
  5 goblins
  7 hobgoblins
  2 jackals (D:1)
  10 kobolds
  8 ball pythons
  3 frilled lizards
  5 rats
170 creatures vanquished.

Vanquished Creatures (others)
  785 foxfires
785 creatures vanquished.

Grand Total: 955 creatures vanquished

Notes
Turn   | Place    | Note
-------+----------+-------------------------------------------
     0 | D:1      | IndexError the Gnoll Fire Elementalist began the quest for
                  | the Orb.
     0 | D:1      | Reached XP level 1. HP: 13/13 MP: 6/6
   159 | D:1      | Reached skill level 2 in Conjurations
   206 | D:1      | Reached XP level 2. HP: 19/19 MP: 3/7
   680 | D:1      | Reached XP level 3. HP: 25/25 MP: 3/9
   742 | D:1      | Reached skill level 5 in Spellcasting
  1207 | D:1      | Learned a level 2 spell: Scorch
  1211 | D:1      | Learned a level 3 spell: Conjure Flame
  1215 | D:1      | Learned a level 3 spell: Inner Flame
  1391 | D:2      | Reached skill level 1 in Invocations
  1705 | D:2      | Reached skill level 1 in Fighting
  1705 | D:2      | Reached skill level 1 in Short Blades
  1705 | D:2      | Reached skill level 1 in Long Blades
  1705 | D:2      | Reached skill level 1 in Axes
  1705 | D:2      | Reached skill level 1 in Maces & Flails
  1705 | D:2      | Reached skill level 1 in Polearms
  1705 | D:2      | Reached skill level 1 in Staves
  1705 | D:2      | Reached skill level 1 in Slings
  1705 | D:2      | Reached skill level 1 in Bows
  1705 | D:2      | Reached skill level 1 in Crossbows
  1705 | D:2      | Reached skill level 1 in Throwing
  1705 | D:2      | Reached skill level 1 in Armour
  1705 | D:2      | Reached skill level 1 in Shields
  1705 | D:2      | Reached skill level 1 in Unarmed Combat
  1705 | D:2      | Reached skill level 1 in Evocations
  1713 | D:2      | Reached XP level 4. HP: 31/32 MP: 0/11
  2258 | D:3      | Noticed an ogre
  2262 | D:3      | Killed an ogre
  2263 | D:3      | Reached skill level 1 in Hexes
  2263 | D:3      | Reached skill level 1 in Summonings
  2263 | D:3      | Reached skill level 1 in Necromancy
  2263 | D:3      | Reached skill level 1 in Translocations
  2263 | D:3      | Reached skill level 1 in Transmutations
  2263 | D:3      | Reached skill level 1 in Ice Magic
  2263 | D:3      | Reached skill level 1 in Air Magic
  2263 | D:3      | Reached skill level 1 in Earth Magic
  2263 | D:3      | Reached skill level 1 in Poison Magic
  2263 | D:3      | Reached XP level 5. HP: 34/37 MP: 3/12
  2484 | D:3      | Noticed Natasha
  2492 | D:3      | Killed Natasha
  2633 | D:3      | Found a faded altar of an unknown god.
  2636 | D:3      | Found a radiant altar of Vehumet.
  2905 | D:3      | Noticed Natasha
  2944 | D:3      | Killed Natasha
  2945 | D:3      | Reached skill level 2 in Invocations
  2945 | D:3      | Reached XP level 6. HP: 43/44 MP: 4/13
  3059 | D:3      | Noticed Natasha
  3065 | D:3      | Killed Natasha
  3217 | D:3      | Noticed a black bear
  3229 | D:3      | Killed a black bear
  3230 | D:3      | Reached skill level 2 in Fighting
  3230 | D:3      | Reached skill level 2 in Short Blades
  3230 | D:3      | Reached skill level 2 in Long Blades
  3230 | D:3      | Reached skill level 2 in Axes
  3230 | D:3      | Reached skill level 2 in Maces & Flails
  3230 | D:3      | Reached skill level 2 in Polearms
  3230 | D:3      | Reached skill level 2 in Staves
  3230 | D:3      | Reached skill level 2 in Slings
  3230 | D:3      | Reached skill level 2 in Bows
  3230 | D:3      | Reached skill level 2 in Crossbows
  3230 | D:3      | Reached skill level 2 in Throwing
  3230 | D:3      | Reached skill level 2 in Armour
  3230 | D:3      | Reached skill level 5 in Dodging
  3230 | D:3      | Reached skill level 2 in Shields
  3230 | D:3      | Reached skill level 2 in Unarmed Combat
  3230 | D:3      | Reached skill level 2 in Evocations
  4162 | D:4      | Reached XP level 7. HP: 42/50 MP: 4/15
  4458 | D:5      | Entered Level 5 of the Dungeon
  4458 | D:5      | Noticed Menkaure
  4485 | D:5      | Reached skill level 3 in Conjurations
  4485 | D:5      | Reached skill level 2 in Hexes
  4485 | D:5      | Reached skill level 2 in Summonings
  4485 | D:5      | Reached skill level 2 in Necromancy
  4485 | D:5      | Reached skill level 2 in Translocations
  4485 | D:5      | Reached skill level 2 in Transmutations
  4485 | D:5      | Reached skill level 2 in Ice Magic
  4485 | D:5      | Reached skill level 2 in Air Magic
  4485 | D:5      | Reached skill level 2 in Earth Magic
  4485 | D:5      | Reached skill level 2 in Poison Magic
  4692 | D:5      | Found an ancient bone altar of Kikubaaqudgha.
  4728 | D:5      | Reached skill level 5 in Stealth
  4728 | D:5      | Reached skill level 3 in Invocations
  5000 | D:5      | Found a white marble altar of Elyvilon.
  5029 | D:5      | Reached skill level 6 in Fire Magic
  5029 | D:5      | Reached XP level 8. HP: 57/57 MP: 9/16
  5158 | D:5      | Reached skill level 3 in Fighting
  5158 | D:5      | Reached skill level 3 in Short Blades
  5158 | D:5      | Reached skill level 3 in Long Blades
  5158 | D:5      | Reached skill level 3 in Axes
  5158 | D:5      | Reached skill level 3 in Maces & Flails
  5158 | D:5      | Reached skill level 3 in Polearms
  5158 | D:5      | Reached skill level 3 in Staves
  5158 | D:5      | Reached skill level 3 in Slings
  5158 | D:5      | Reached skill level 3 in Bows
  5158 | D:5      | Reached skill level 3 in Crossbows
  5158 | D:5      | Reached skill level 3 in Throwing
  5158 | D:5      | Reached skill level 3 in Armour
  5158 | D:5      | Reached skill level 3 in Shields
  5158 | D:5      | Reached skill level 3 in Unarmed Combat
  5158 | D:5      | Reached skill level 3 in Evocations
  5236 | D:5      | Noticed Dowan
  5243 | D:5      | Killed Dowan
  5244 | D:5      | Noticed Duvessa
  5253 | D:5      | HP: 12/58 [Duvessa/+0 short sword (15)]
  5255 | D:5      | HP: 4/58 [Duvessa/+0 short sword (4)]
  5258 | D:5      | Killed Duvessa
  5259 | D:5      | Reached skill level 6 in Spellcasting
  5703 | D:5      | Killed Menkaure
  6060 | D:6      | Reached skill level 3 in Hexes
  6060 | D:6      | Reached skill level 3 in Summonings
  6060 | D:6      | Reached skill level 3 in Necromancy
  6060 | D:6      | Reached skill level 3 in Translocations
  6060 | D:6      | Reached skill level 3 in Transmutations
  6060 | D:6      | Reached skill level 3 in Ice Magic
  6060 | D:6      | Reached skill level 3 in Air Magic
  6060 | D:6      | Reached skill level 3 in Earth Magic
  6060 | D:6      | Reached skill level 3 in Poison Magic
  6060 | D:6      | Reached skill level 4 in Invocations
  6170 | D:6      | Reached skill level 6 in Dodging
  6217 | D:6      | Reached XP level 9. HP: 65/65 MP: 10/18
  6312 | D:6      | Noticed a two-headed ogre
  6315 | D:6      | Killed a two-headed ogre
  6316 | D:6      | Reached skill level 4 in Fighting
  6316 | D:6      | Reached skill level 4 in Short Blades
  6316 | D:6      | Reached skill level 4 in Long Blades
  6316 | D:6      | Reached skill level 4 in Axes
  6316 | D:6      | Reached skill level 4 in Maces & Flails
  6316 | D:6      | Reached skill level 4 in Polearms
  6316 | D:6      | Reached skill level 4 in Staves
  6316 | D:6      | Reached skill level 4 in Slings
  6316 | D:6      | Reached skill level 4 in Bows
  6316 | D:6      | Reached skill level 4 in Crossbows
  6316 | D:6      | Reached skill level 4 in Throwing
  6316 | D:6      | Reached skill level 4 in Armour
  6316 | D:6      | Reached skill level 6 in Stealth
  6316 | D:6      | Reached skill level 4 in Shields
  6316 | D:6      | Reached skill level 4 in Unarmed Combat
  6316 | D:6      | Reached skill level 4 in Conjurations
  6316 | D:6      | Reached skill level 4 in Evocations
  6773 | D:7      | Reached skill level 5 in Invocations
  7181 | D:7      | Reached skill level 7 in Spellcasting
  7277 | D:7      | Reached skill level 4 in Hexes
  7277 | D:7      | Reached skill level 4 in Summonings
  7277 | D:7      | Reached skill level 4 in Necromancy
  7277 | D:7      | Reached skill level 4 in Translocations
  7277 | D:7      | Reached skill level 4 in Transmutations
  7277 | D:7      | Reached skill level 4 in Ice Magic
  7277 | D:7      | Reached skill level 4 in Air Magic
  7277 | D:7      | Reached skill level 4 in Earth Magic
  7277 | D:7      | Reached skill level 4 in Poison Magic
  7277 | D:7      | Reached XP level 10. HP: 73/73 MP: 7/20
  7476 | D:7      | Reached skill level 5 in Fighting
  7476 | D:7      | Reached skill level 5 in Short Blades
  7476 | D:7      | Reached skill level 5 in Long Blades
  7476 | D:7      | Reached skill level 5 in Axes
  7476 | D:7      | Reached skill level 5 in Maces & Flails
  7476 | D:7      | Reached skill level 5 in Polearms
  7476 | D:7      | Reached skill level 5 in Staves
  7476 | D:7      | Reached skill level 5 in Slings
  7476 | D:7      | Reached skill level 5 in Bows
  7476 | D:7      | Reached skill level 5 in Crossbows
  7476 | D:7      | Reached skill level 5 in Throwing
  7476 | D:7      | Reached skill level 5 in Armour
  7476 | D:7      | Reached skill level 5 in Shields
  7476 | D:7      | Reached skill level 5 in Unarmed Combat
  7476 | D:7      | Reached skill level 5 in Evocations
  7781 | D:7      | Found a staircase to the Ecumenical Temple.
  7798 | Temple   | Entered the Ecumenical Temple
  7907 | Temple   | Became a worshipper of Ashenzari the Shackled
  8037 | D:7      | Found a sparkling altar of Nemelex Xobeh.
  8159 | D:7      | Learned a level 4 spell: Flame Wave
  8168 | D:8      | Reached skill level 7 in Fire Magic
  8969 | D:8      | Found a snail-covered altar of Cheibriados.
  8969 | D:8      | Found a blossoming altar of Fedhas.
  8998 | D:8      | Reached skill level 7 in Dodging
  9215 | D:8      | Noticed Harold
  9237 | D:8      | Killed Harold
  9691 | D:8      | Reached skill level 5 in Conjurations
  9779 | D:8      | HP: 17/74 [large slime creature (33)]
  9780 | D:8      | Mangled by a large slime creature

Illustrated notes

Levels and vault maps discovered:
D:1:      minmay_arrival_four_circles, layout_loops_ring
D:2:      layout_basic
D:3:      layout_basic, nicolae_overflow_ecumenical_swirl, uniq_natasha
D:4:      layout_cave_pools, minmay_cut_off
D:5:      layout_cave_pools, kiku_gazebo_garden_becter, kennysheep_mini,
          grunt_ministairs_8, uniq_menkaure, uniq_duvessa
D:6:      layout_basic
D:7:      layout_cave_pools, nemelex_spade_bored_becter,
          minmay_temple_entry_offerings
D:8:      layout_basic, mainiacjoe_overflow_divided_tiny, minmay_statues_item,
          minmay_misc_feat_rugged, minmay_crystal_water, grunt_ministairs_4,
          minmay_misc_feat_enclosed, grunt_tough_drop, uniq_harold
Temple:   jpeg_temple_clearing

Skill      XL: |  1  2  3  4  5  6  7  8  9 10 |
---------------+-------------------------------+-----
Conjurations   | 2 3 4 5 |  5.0
Spellcasting   | 5 6 7 |  7.4
Invocations    | 1 2 3 4 5 |  5.9
Fighting       | 1 2 3 4 5 |  5.3
Short Blades   | 1 2 3 4 5 |  5.3
Long Blades    | 1 2 3 4 5 |  5.3
Axes           | 1 2 3 4 5 |  5.3
Maces & Flails | 1 2 3 4 5 |  5.3
Polearms       | 1 2 3 4 5 |  5.3
Staves         | 1 2 3 4 5 |  5.3
Slings         | 1 2 3 4 5 |  5.3
Bows           | 1 2 3 4 5 |  5.3
Crossbows      | 1 2 3 4 5 |  5.3
Throwing       | 1 2 3 4 5 |  5.3
Armour         | 1 2 3 4 5 |  5.3
Shields        | 1 2 3 4 5 |  5.3
Unarmed Combat | 1 2 3 4 5 |  5.3
Evocations     | 1 2 3 4 5 |  5.3
Hexes          | 1 2 3 4 |  4.4
Summonings     | 1 2 3 4 |  4.4
Necromancy     | 1 2 3 4 |  4.4
Translocations | 1 2 3 4 |  4.4
Transmutations | 1 2 3 4 |  4.4
Ice Magic      | 1 2 3 4 |  4.4
Air Magic      | 1 2 3 4 |  4.4
Earth Magic    | 1 2 3 4 |  4.4
Poison Magic   | 1 2 3 4 |  4.4
Dodging        | 5 6 7 |  7.1
Stealth        | 5 6 |  6.9
Fire Magic     | 6 7 |  7.1

Action                   |  1- 3 |  4- 6 |  7- 9 | 10-12 || total
-------------------------+-------+-------+-------+-------++-------
Melee: Dagger            |       |     1 |       |       ||     1
       Staff             |       |       |     1 |       ||     1
 Cast: Foxfire           |    85 |   111 |   155 |   116 ||   467
       Scorch            |     2 |    12 |    34 |     5 ||    53
       Conjure Flame     |     1 |     1 |     2 |     3 ||     7
       Flame Wave        |       |       |       |     4 ||     4
Invok: Curse Item        |       |       |       |     1 ||     1
 Stab: Sleeping          |       |     1 |       |       ||     1
Armor: Robe              |     2 |       |       |       ||     2
       Leather armour    |       |       |     8 |    12 ||    20
Dodge: Dodged            |     3 |    11 |    16 |    17 ||    47
Block: Other             |       |    11 |     6 |     3 ||    20
       Reflection        |       |     1 |       |       ||     1

Table legend: (Time is in decaauts)
 A = Elapsed time spent in this place.
 B = Non-inter-level travel time spent in this place.
 C = Inter-level travel time spent in this place.
 D = Time resting spent in this place.
 E = Time spent auto-exploring this place.
 F = Levels seen in this place.
 G = Mean time per level.
                   A        B        C        D        E       F      G
               +--------+--------+--------+--------+--------+-----+--------+
         Total |   9794 |   9092 |    702 |      0 |   7753 |   9 | 1088.2 |
       Dungeon |   9657 |   8995 |    662 |      0 |   7671 |   8 | 1207.1 |
        Temple |    136 |     96 |     40 |      0 |     82 |   1 |  136.0 |
               +--------+--------+--------+--------+--------+-----+--------+

Top non-repeatable levels by time:
     D:8: 1594 daAuts
     D:3: 1445 daAuts
     D:1: 1272 daAuts
     D:5: 1196 daAuts
     D:6: 1188 daAuts
     D:4: 1055 daAuts
     D:7: 1037 daAuts
     D:2: 867 daAuts
  Temple: 136 daAuts

Table legend:
 A = Kills in this place as a percentage of kills in entire the game.
 B = Kills by you in this place as a percentage of kills by you in the entire game.
 C = Kills by friends in this place as a percentage of kills by friends in the entire game.
 D = Other kills in this place as a percentage of other kills in the entire game.
 E = Experience gained in this place as a percentage of experience gained in the entire game.
 F = Experience gained in this place divided by the number of levels of this place that you have seen.
                   A       B       C       D       E      F
               +-------+-------+-------+-------+-------+----------------------
         Total | 100.0 | 100.0 |   N/A |   N/A | 100.0 | 813.2
       Dungeon | 100.0 | 100.0 |   N/A |   N/A | 100.0 | 914.9
               +-------+-------+-------+-------+-------+----------------------
